 Dungeon Crawl Stone Soup version 0.28.0-45-g0d030f2227 (webtiles) character file.

Game seed: 7969308535643741768

4039 Peloso the Protected (level 10, 0/86 HPs)
             Began as a Minotaur Fighter on Apr 10, 2022.
             Was a Priest of Okawaru.
             Killed from afar by an orc wizard (7 damage)
             ... with a magic dart
             ... on level 8 of the Dungeon.
             The game lasted 00:13:11 (7669 turns).

Peloso the Protected (Minotaur Fighter)             Turns: 7669, Time: 00:13:11

Health: 0/86       AC: 14    Str: 26    XL:     10   Next: 4%
Magic:  9/9        EV:  8    Int:  5    God:    Okawaru [***...]
Gold:   220        SH:  5    Dex:  9    Spells: 9/9 levels left

rFire   . . .      SeeInvis .   a - +3 falchion (freeze)
rCold   . . .      Faith    .   w - +0 buckler
rNeg    . . .      Spirit   .   H - +0 plate armour
rPois   .          Reflect  .   (helmet restricted)
rElec   .          Harm     .   (no cloak)
rCorr   .          Rampage  .   (no gloves)
Will    .....                   (no boots)
Stlth   ..........              (no amulet)
HPRegen 0.24/turn               (no ring)
MPRegen 0.11/turn               (no ring)

@: no status effects
A: horns 2, retaliatory headbutt
a: Renounce Religion, Heroism


You were on level 8 of the Dungeon.
You worshipped Okawaru.
Okawaru was most pleased with you.
You visited 2 branches of the dungeon, and saw 9 of its levels.

You collected 423 gold pieces.
You spent 203 gold pieces at shops.

Inventory:

Hand Weapons
 a - a +3 falchion of freezing (weapon)
 b - a +0 long sword
 c - the +3 war axe "Jalerif" {freeze, rC++}
   (You found it on level 5 of the Dungeon)

   It freezes those it strikes, dealing additional cold damage.
   It can also slow down cold-blooded creatures.
   rC:        It greatly protects you from cold.
 B - the +8 short sword of Evil {vorpal, +Blink rElec Will- Dex+2}
   (You found it on level 2 of the Dungeon)

   It inflicts extra damage upon your enemies.
   Dex:       It affects your dexterity (+2).
   rElec:     It insulates you from electricity.
   +Blink:    It lets you blink.
   Will:      It decreases your willpower.
Missiles
 y - 2 throwing nets (quivered)
Armour
 h - a +0 chain mail
 i - a +0 scale mail
 w - a +0 buckler (worn)
 H - a +0 plate armour (worn)
Jewellery
 n - a ring of magical power
 x - a ring of resist corrosion
 z - an amulet of magic regeneration
Wands
 q - a wand of digging (3)
 u - a wand of flame (23)
 G - a wand of acid (8)
Scrolls
 g - a scroll of immolation {unknown}
 j - 2 scrolls of torment
 k - a scroll of amnesia {unknown}
 l - 2 scrolls of enchant armour
 m - a scroll of fear {unknown}
 o - a scroll of identify
 p - 3 scrolls of holy word
 t - a scroll of magic mapping
 v - a scroll of vulnerability {unknown}
 A - a scroll of noise
 F - a scroll of teleportation {unknown}
 J - a scroll of brand weapon {unknown}
Potions
 d - 3 potions of might
 e - a potion of invisibility
 f - 2 potions of curing
 r - 4 potions of mutation
 s - 2 potions of flight
 C - a potion of cancellation {unknown}
 D - a potion of brilliance {unknown}
 E - 2 potions of degeneration {unknown}
 I - 2 potions of heal wounds


   Skills:
 + Level 7.5 Fighting
 + Level 9.1(9.3) Short Blades
 + Level 3.4(7.2) Long Blades
 + Level 10.8 Armour
 + Level 2.0 Dodging
 + Level 2.0 Stealth
 + Level 6.4 Shields
 + Level 0.8 Evocations


You had 9 spell levels left.
You didn't know any spells.
Your spell library contained the following spells:

 Spells                   Type           Power      Damage    Failure   Level
 Pain                     Necr           0%         1d4       99%         1
 Blink                    Tloc           0%         N/A       100%        2
 Vampiric Draining        Necr           0%         2d6       100%        3
 Petrify                  Tmut/Erth      0%         N/A       100%        4
 Manifold Assault         Tloc           0%         N/A       100%        5
 Metabolic Englaciation   Hex/Ice        0%         N/A       100%        5
 Statue Form              Tmut/Erth      0%         N/A       100%        6
 Storm Form               Tmut/Air       0%         N/A       100%        7
 Animate Skeleton         Necr           Unusable   N/A       N/A         1

Dungeon Overview and Level Annotations

Branches:
Dungeon (8/15)             Temple (1/1) D:6            Lair (0/6) D:8

Altars:
Ashenzari
Cheibriados
Dithmenos
Elyvilon
Gozag
Hepliaklqana
Makhleb
Nemelex Xobeh
Okawaru
Qazlal
Ru
Sif Muna
Trog
Uskayaw
Wu Jian
Xom
Yredelemnul
Zin
The Shining One

Shops:
D:1 (   D:5 (   D:7 *!   D:8 [

Annotations:
D:5 3 runed translucent doors, kalagan's ghost, novice DECj
D:6 2 runed translucent doors, Peloso's ghost, amateur MiFi


Innate Abilities, Weirdness & Mutations

You have a pair of horns on your head.
You reflexively headbutt those who attack you in melee.


Message History

You hear some strange, mumbled words.
A puff of flame appears from out of thin air!
The puff of flame hits you!
You bump into the rock wall.
The orc warrior hits you with a +0 mace.
Something hits you but does no damage.
The orc throws a boomerang.
The boomerang hits you but does no damage.
You feel less confused.
An orc wizard appears from thin air!
Reactivating autopickup.
As you read the scroll labelled ASUNTU QAFRAGI, it crumbles to dust.
Your body is wracked with pain!
* * * LOW HITPOINT WARNING * * *
The orc warrior convulses!
The orc wizard convulses!
Something is bathed in an unholy light!
The orc convulses!
It was a scroll of torment.
Okay, then.
As you read the scroll labelled AMUGGI ASYAF, it crumbles to dust.
You hear a loud clanging noise!
It was a scroll of noise.
The orc warrior closely misses you.
The orc wizard hits you but does no damage.
Okay, then.
The orc warrior hits you with a +0 mace!
* * * LOW HITPOINT WARNING * * *
The orc warrior throws a boomerang.
You block the boomerang.
You hear some strange, mumbled words.
Deactivating autopickup; reactivate with Ctrl-A.
Something tries to affect you, but you resist.
The white imp gestures at you.
The puff of frost hits you but does no damage.
The orc warrior throws a boomerang.
The boomerang hits you but does no damage.
The white imp gestures at you. The puff of frost hits you.
* * * LOW HITPOINT WARNING * * *
The orc throws a boomerang.
The boomerang hits you but does no damage.
A magic dart appears from out of thin air!
The magic dart hits you!
You die...

............### #
..............## #
#..............## #
#...............## ##
#................## #.
#.................## ##.
#..................# ##..
...........o.......###########...
..........5o{...@.###....<.....#.
........................#####..##
..........o......######## #..##
##..............## #..#.
###...........## #....
###.........# #.... ####.....##
#.... ##.#.## #.... #.### #....


You could see an orc warrior, an orc wizard, a white imp and an orc.

Vanquished Creatures
  Harold (D:8)
  Prince Ribbit (D:6)
  Grinder (D:5)
  A wyvern (D:8)
  A steam dragon (D:8)
  Menkaure (D:6)
  Edmund (D:4)
  A water moccasin (D:7)
  A black bear (D:6)
  An ice beast (D:8)
  3 necrophages (D:6)
  2 centaurs
  2 phantoms
  A bullfrog (D:6)
  A gnoll sergeant (D:7)
  2 scorpions (D:4)
  A water moccasin zombie (D:6)
  A howler monkey (D:4)
  10 wights
  A centaur zombie (D:5)
  2 bullfrog zombies
  2 hounds (D:4)
  A jelly (D:7)
  A centaur skeleton (D:7)
  3 orc priests
  A gnoll shaman (D:7)
  A bullfrog skeleton (D:6)
  Ijyb (D:3)
  5 iguanas
  6 orc wizards
  A howler monkey zombie (D:6)
  10 gnolls
  7 adders
  2 shadow imps
  A white imp (D:7)
  2 adder skeletons
  A worm (D:7)
  3 dart slugs
  17 orcs
  4 endoplasms
  3 giant cockroaches
  3 goblins
  6 hobgoblins
  4 jackals (D:1)
  3 kobolds
  2 quokkas
  7 ball pythons
  2 bats
  7 frilled lizards
  3 rats
145 creatures vanquished.

Notes
Turn   | Place    | Note
-------+----------+-------------------------------------------
     0 | D:1      | Peloso the Minotaur Fighter began the quest for the Orb.
     0 | D:1      | Reached XP level 1. HP: 19/19 MP: 0/0
   198 | D:1      | Found Tucent's Weapon Shop.
   379 | D:1      | Reached XP level 2. HP: 27/27 MP: 1/1
   595 | D:1      | Reached skill level 4 in Armour
   729 | D:2      | Identified the +8 short sword of Evil {vorpal, +Blink rElec
                  | Will- Dex+2}
   797 | D:2      | Reached XP level 3. HP: 30/34 MP: 2/2
  1162 | D:2      | Found a faded altar of an unknown god.
  1491 | D:2      | You fall into a shaft and drop 2 floors!
  1529 | D:4      | Noticed a scorpion
  1610 | D:4      | Killed a scorpion
  1611 | D:4      | Reached skill level 1 in Short Blades
  1611 | D:4      | Reached XP level 4. HP: 40/41 MP: 3/3
  1813 | D:3      | Noticed Ijyb
  1820 | D:3      | Killed Ijyb
  1821 | D:3      | Reached XP level 5. HP: 41/47 MP: 4/4
  2110 | D:3      | Reached skill level 1 in Stealth
  2185 | D:3      | Reached skill level 5 in Armour
  2641 | D:4      | Noticed Edmund
  2657 | D:4      | Killed Edmund
  2658 | D:4      | Reached XP level 6. HP: 10/55 MP: 5/5
  2931 | D:4      | Found a shimmering altar of Xom.
  2934 | D:4      | Noticed an angel
  2938 | D:4      | Found a glowing silver altar of Zin.
  2983 | D:4      | Reached skill level 5 in Fighting
  3067 | D:4      | Identified the +9 hunting sling "Minotaur's Doom" {freeze,
                  | rF++ rC+ rN+}
  3186 | D:4      | Reached XP level 7. HP: 60/61 MP: 6/6
  3281 | D:4      | Found a large runed translucent door.
  3282 | D:4      | Found a large runed translucent door.
  3418 | D:4      | Found a shadowy altar of Dithmenos.
  3429 | D:4      | Found a shimmering blue altar of Sif Muna.
  3434 | D:4      | Reached skill level 6 in Armour
  3491 | D:5      | Entered Level 5 of the Dungeon
  3508 | D:5      | Identified the +3 war axe "Jalerif" {freeze, rC++}
  3669 | D:5      | Found Mejingis's Antique Weapon Shoppe.
  3672 | D:5      | Found a runed translucent gate.
  3673 | D:5      | Found a runed translucent gate.
  3673 | D:5      | Found an opulent altar of Gozag.
  3728 | D:5      | Reached skill level 5 in Short Blades
  3728 | D:5      | Reached skill level 1 in Dodging
  3861 | D:5      | Found a runed translucent gate.
  3863 | D:5      | Noticed kalagan's ghost (novice DECj)
  3952 | D:5      | Noticed Grinder
  3958 | D:5      | Killed Grinder
  4076 | D:5      | Bought a glowing scimitar for 203 gold pieces
  4107 | D:6      | Noticed Menkaure
  4108 | D:6      | Found a staircase to the Ecumenical Temple.
  4113 | D:6      | Killed Menkaure
  4114 | D:6      | Reached skill level 7 in Armour
  4114 | D:6      | Reached XP level 8. HP: 54/68 MP: 7/7
  4122 | Temple   | Entered the Ecumenical Temple
  4251 | Temple   | Became a worshipper of Warmaster Okawaru
  4354 | D:6      | Found a large runed translucent door.
  4358 | D:6      | Found a large runed translucent door.
  4360 | D:6      | Noticed Peloso's ghost (amateur MiFi)
  4380 | D:6      | Noticed Prince Ribbit
  4384 | D:6      | Killed Prince Ribbit
  4385 | D:6      | Reached skill level 5 in Shields
  4662 | D:6      | Reached skill level 8 in Armour
  4901 | D:6      | Reached * piety under Okawaru
  5163 | D:6      | Reached XP level 9. HP: 61/75 MP: 8/8
  5449 | D:7      | Found Culex's Sacrilege Store.
  5809 | D:7      | Reached skill level 9 in Armour
  5857 | D:7      | Found a snail-covered altar of Cheibriados.
  6017 | D:7      | Found a sparkling altar of Nemelex Xobeh.
  6089 | D:7      | HP: 1/78 [gnoll/+0 spear (3)]
  6372 | D:7      | Found Besmumiu's Distillery.
  6969 | D:8      | Reached ** piety under Okawaru
  6970 | D:8      | Reached skill level 10 in Armour
  7146 | D:8      | Found a staircase to the Lair.
  7285 | D:8      | Noticed Harold
  7301 | D:8      | Killed Harold
  7400 | D:8      | Found Aqaabrer's Antique Armour Emporium.
  7438 | D:8      | Reached XP level 10. HP: 75/85 MP: 9/9
  7452 | D:8      | Reached *** piety under Okawaru
  7669 | D:8      | Killed from afar by an orc wizard

Illustrated notes

Levels and vault maps discovered:
D:1:      psy_arrival_conway, layout_loops_cross, serial_shops, shop_statue
D:2:      layout_basic, shapermc_ecumenical_altar_venn
D:3:      layout_loops_ring, uniq_ijyb
D:4:      layout_cave_pools, grunt_temple_overflow_order_and_chaos_1,
          jmf_multi_god_temple2, grunt_tough_drop, uniq_edmund
D:5:      layout_cave_pools, serial_shops, nicolae_shop_hallway_plus,
          ebering_ghost_gozag, corexii_leaking_fountain, uniq_grinder
D:6:      layout_loops_corners, temple_statues, serial_glass, glass_columns_a,
          glass_columns_b, feat_on_display, minmay_strange_pillars,
          due_unseen_surprise, ebering_ghost_disaster_area, uniq_prince_ribbit1,
          uniq_menkaure
D:7:      layout_rooms, slow_altar_1, marbit_many_paths,
          nicolae_take_the_stairs, minivault_26, nicolae_evil_shop
D:8:      layout_cave_pods, dpeg_oklobed_lair, serial_shops,
          nicolae_diamond_shop, uniq_harold
Temple:   eino_temple_scatter_basement

Skill      XL: |  1  2  3  4  5  6  7  8  9 |
---------------+----------------------------+-----
Shields        | 4 5 6 |  6.4
Armour         | 4 5 7 8 10 | 10.8
Fighting       | 4 5 6 7 |  7.5
Short Blades   | 1 3 4 6 7 9 |  9.1
Long Blades    | 3 |  3.4
Stealth        | 1 2 |  2.0
Dodging        | 1 2 |  2.0
Evocations     | |  0.8

Action                   |  1- 3 |  4- 6 |  7- 9 | 10-12 || total
-------------------------+-------+-------+-------+-------++-------
Melee: Long sword        |    30 |       |       |       ||    30
       Headbutt          |     6 |     9 |    48 |       ||    63
       Short sword       |    28 |    93 |   207 |    10 ||   338
       Falchion          |       |       |       |     4 ||     4
Evoke: Wand              |       |       |     1 |       ||     1
  Use: Scroll            |       |       |     9 |     2 ||    11
       Potion            |       |       |     2 |       ||     2
Armor: Scale mail        |    10 |       |       |       ||    10
       Chain mail        |    17 |    24 |   103 |       ||   144
       Plate armour      |       |       |       |    15 ||    15
Dodge: Dodged            |    26 |    26 |    77 |     3 ||   132
Block: Buckler           |    12 |    16 |    47 |    10 ||    85
